 Dungeon Crawl Stone Soup version 0.19.1 (webtiles) character file.

5198 Kailar the Basher (level 10, 52/93 HPs)
             Began as a Minotaur Berserker on Nov 28, 2016.
             Was an Elder of Trog.
             Quit the game on level 8 of the Dungeon.
             The game lasted 01:09:25 (8394 turns).

Kailar the Basher (Minotaur Berserker)              Turns: 8394, Time: 01:09:26

Health: 52/93      AC: 13    Str: 23    XL:     10   Next: 34%
Magic:  11/11      EV:  7    Int:  4    God:    Trog [****..]
Gold:   283        SH:  4    Dex: 12    Spells: 0 memorised, 9 levels left

rFire  x . .     SeeInvis .     D - +5 dire flail (drain)
rCold  + . .     Gourm    .     d - +0 plate armour
rNeg   + . .     Faith    .     (shield currently unavailable)
rPois  .         Spirit   .     (helmet restricted)
rElec  .         Reflect  +     (no cloak)
rCorr  .         Harm     .     q - +0 pair of gloves
MR     .....                    R - +0 pair of boots
Stlth  ..........               p - +4 amulet of reflection
                                W - ring of positive energy
                                M - ring of ice

@: no status effects
A: retaliatory headbutt, horns 2
a: Berserk, Trog's Hand, Brothers in Arms, Burn Spellbooks, Renounce Religion


You were on level 8 of the Dungeon.
You worshipped Trog.
Trog was greatly pleased with you.
You were hungry.

You visited 2 branches of the dungeon, and saw 9 of its levels.

You collected 310 gold pieces.
You spent 27 gold pieces at shops.

Inventory:

Hand Weapons
 g - a +0 shortbow
 j - a +0 broad axe
 m - a +0 hunting sling
 o - a cursed -1 dagger
 y - a +1 falchion of freezing
 z - a cursed -1 hand axe
 D - a +5 dire flail of draining (weapon)
 E - a +0 rapier
 F - a +0 giant club
 G - a +0 halberd
 I - a +1 dagger of draining
 K - a +2 hand axe of freezing
 L - a +0 giant spiked club
 N - a +0 blowgun
 S - a +1 whip of freezing
 Z - a +4 dagger of chaos
Missiles
 e - 220 stones (quivered)
 k - 70 bolts
 l - 25 sling bullets
 u - 22 poisoned needles
 B - 50 arrows
 H - 8 tomahawks
Armour
 d - a +0 plate armour (worn)
 q - a +0 pair of gloves (worn)
 J - a +1 robe of resistance
 R - a +0 pair of boots (worn)
 X - a +2 robe of the Archmagi
Jewellery
 p - a +4 amulet of reflection (around neck)
 t - an uncursed amulet of magic regeneration
 w - an uncursed amulet of harm
 C - an uncursed amulet of rage
 M - a ring of ice (left hand)
 W - a ring of positive energy (right hand)
Wands
 P - a wand of teleportation (4/9)
 V - a wand of flame (23/48)
 Y - a wand of lightning (9/15)
Scrolls
 a - a scroll of enchant weapon
 b - a scroll of immolation
 h - 3 scrolls of remove curse
 s - a scroll of fog
 v - 4 scrolls of magic mapping
 O - 2 scrolls of noise
 T - 2 scrolls of recharging {unknown}
Potions
 i - a potion of ambrosia
 n - 5 potions of curing
 r - 2 potions of lignification
 A - 4 potions of heal wounds
 Q - 2 potions of magic
Comestibles
 c - 7 bread rations
 f - 2 meat rations
 x - a beef jerky
 U - 16 chunks of flesh


   Skills:
 + Level 9.9 Fighting
 + Level 12.8 Maces & Flails
 * Level 7.3 Bows
 - Level 2.4 Armour
 - Level 2.2 Dodging
 * Level 3.6 Evocations


You had 9 spell levels left.
You didn't know any spells.

Dungeon Overview and Level Annotations

Branches:
Dungeon (8/15)             Temple (1/1) D:6
   Lair: D:8-11

Altars:
Ashenzari
Cheibriados
Dithmenos
Elyvilon
Fedhas
Gozag
Hepliaklqana
Kikubaaqudgha
Makhleb
Nemelex Xobeh
Okawaru
Qazlal
Ru
Sif Muna
Trog
Uskayaw
Vehumet
Xom
Zin
The Shining One

Shops:
D:5 [*   D:7 *


Innate Abilities, Weirdness & Mutations

You reflexively headbutt those who attack you in melee.
You have a pair of horns on your head.


Message History

You see here a stone.
You see here a quarterstaff.
You can't carry that many items.
Your plate armour prevents you from hitting the ice beast.
You headbutt the ice beast, but do no damage.
The ice beast hits you but does no damage.
You sock the ice beast!
The ice beast is heavily wounded.
You closely miss the ice beast.
The ice beast is heavily wounded.
The ice beast hits you. The ice beast freezes you. You resist.
You closely miss the ice beast. Your headbutt misses the ice beast.
The ice beast is heavily wounded.
The ice beast hits you but does no damage.
You completely miss the ice beast.
The ice beast is heavily wounded.
You puncture the ice beast! You drain the ice beast!
You kill the ice beast!
Trog accepts your kill.
Are you sure you want to abandon this character and quit the game? (Confirm with "yes".)

....... .. # .........
... #. ##.#........ ....
.##..........####.#..
...##..............# .
#.>##.......$.......
..###..#...#....=.......
.......#.#.##...@.......
..##...p......p)........
...#....#..##..(...#####
#....#.....##.(.##.#
.#........[.#....#.#
.......#...[[.p....#
..........).÷......###
##.....)÷.%)%........####
...#...............#....#


You could see 2 neutral freed slaves.

Vanquished Creatures
  Gastronok (D:8)
  Pikel (D:8)
  Psyche (D:8)
  Edmund (D:4)
  A water moccasin (D:7)
  Duvessa (D:6)
  4 ice beasts
  4 ogres
  A centaur (D:5)
  A sky beast (D:7)
  A big kobold (D:8)
  3 bullfrogs
  Dowan (D:6)
  A water moccasin zombie (D:7)
  A scorpion (D:5)
  A howler monkey (D:5)
  2 crimson imps
  7 orc priests
  2 hounds
  3 jellies
  9 orc wizards
  8 worker ants
  A hound zombie (D:7)
  A howler monkey zombie (D:5)
  10 gnolls
  8 adders
  A howler monkey skeleton (D:7)
  2 shadow imps
  An ooze (D:5)
  2 adder skeletons
  An adder zombie (D:5)
  A worm (D:2)
  2 dart slugs
  4 leopard geckos
  27 orcs
  3 bats
  8 giant cockroaches
  5 hobgoblins
  6 jackals
  3 quokkas
  A ball python (D:1)
  4 frilled lizards
  11 goblins
  A goblin skeleton (D:7)
  4 hobgoblin zombies (D:7)
  A jackal skeleton (D:4)
  18 kobolds
  2 kobold skeletons (D:7)
  2 kobold zombies (D:7)
  An orc skeleton (D:7)
  An orc zombie (D:7)
  5 rats
192 creatures vanquished.

Vanquished Creatures (others)
  A slave (D:8)
  2 kobolds (D:8)
3 creatures vanquished.

Grand Total: 195 creatures vanquished

Notes
Turn   | Place    | Note
-------+----------+-------------------------------------------
     0 | D:1      | Kailar the Minotaur Berserker began the quest for the Orb.
     0 | D:1      | Reached XP level 1. HP: 19/19 MP: 0/0
   722 | D:1      | Reached skill level 4 in Maces & Flails
   938 | D:1      | Reached XP level 2. HP: 27/27 MP: 1/1
  1142 | D:1      | Reached XP level 3. HP: 23/34 MP: 2/2
  1173 | D:1      | Reached skill level 5 in Maces & Flails
  1173 | D:1      | Reached XP level 4. HP: 14/41 MP: 3/3
  1785 | D:2      | Reached ** piety under Trog
  1952 | D:2      | Reached skill level 5 in Fighting
  2400 | D:3      | Reached XP level 5. HP: 48/48 MP: 4/4
  2587 | D:3      | Reached skill level 6 in Maces & Flails
  2862 | D:3      | Reached XP level 6. HP: 49/57 MP: 5/5
  3343 | D:4      | Noticed Edmund
  3349 | D:4      | Killed Edmund
  3349 | D:4      | Reached skill level 7 in Maces & Flails
  3381 | D:4      | Found a shimmering altar of Xom.
  3484 | D:4      | Reached *** piety under Trog
  3602 | D:4      | Reached XP level 7. HP: 64/64 MP: 6/6
  3695 | D:4      | Reached skill level 8 in Maces & Flails
  4275 | D:5      | Entered Level 5 of the Dungeon
  4307 | D:5      | Found Noaxt's Antique Armour Shoppe.
  4411 | D:5      | Reached skill level 9 in Maces & Flails
  4437 | D:5      | Found Awiehoe's General Store.
  4644 | D:5      | Reached XP level 8. HP: 66/74 MP: 7/7
  4658 | D:5      | Found a deep blue altar of Sif Muna.
  4661 | D:5      | Reached skill level 1 in Bows
  4751 | D:5      | Found a hide-covered altar of Uskayaw.
  5083 | D:5      | Reached skill level 10 in Maces & Flails
  5085 | D:5      | Reached **** piety under Trog
  5458 | D:6      | Noticed Duvessa
  5458 | D:6      | Noticed Dowan
  5620 | D:6      | Found a staircase to the Ecumenical Temple.
  6245 | D:6      | Killed Duvessa
  6257 | D:6      | Killed Dowan
  6518 | D:6      | Reached skill level 1 in Evocations
  6691 | Temple   | Entered the Ecumenical Temple
  7023 | D:7      | Found Laujouv's Serpentskin Sales.
  7027 | D:7      | Reached skill level 11 in Maces & Flails
  7027 | D:7      | Reached XP level 9. HP: 82/82 MP: 8/8
  7031 | D:7      | Bought a +0 blowgun for 27 gold pieces
  7178 | D:7      | Found a glowing golden altar of the Shining One.
  7538 | D:7      | Received a gift from Trog
  8238 | D:8      | Reached skill level 5 in Bows
  8277 | D:8      | Noticed Pikel
  8281 | D:8      | Noticed Psyche
  8285 | D:8      | Killed Pikel
  8287 | D:8      | Noticed Gastronok
  8295 | D:8      | Killed Psyche
  8295 | D:8      | Reached skill level 12 in Maces & Flails
  8310 | D:8      | Killed Gastronok
  8310 | D:8      | Reached XP level 10. HP: 43/93 MP: 11/11
  8394 | D:8      | Quit the game

Skill      XL: |  1  2  3  4  5  6  7  8  9 |
---------------+----------------------------+-----
Maces & Flails | 4 5 6 7 9 11 12 | 12.8
Fighting       | 4 5 6 7 8 9 |  9.9
Bows           | 3 7 |  7.3
Evocations     | 1 3 |  3.6
Armour         | |  2.4
Dodging        | |  2.2

Action                   |  1- 3 |  4- 6 |  7- 9 | 10-12 || total
-------------------------+-------+-------+-------+-------++-------
Melee: Mace              |    33 |   133 |       |       ||   166
       Headbutt          |     5 |    22 |    52 |     1 ||    80
       Dire flail        |       |    15 |   247 |     7 ||   269
       Flail             |       |     6 |       |       ||     6
 Fire: Shortbow          |       |       |    43 |       ||    43
Throw: Stone             |     8 |    50 |    19 |       ||    77
Invok: Berserk           |     1 |     4 |       |       ||     5
  Use: Scroll            |     2 |     7 |     9 |       ||    18
       Potion            |     1 |       |     3 |       ||     4
  Eat: Chunk             |       |    11 |     5 |       ||    16
       Meat ration       |       |     1 |     1 |       ||     2
       Fruit             |       |       |     2 |       ||     2
Armor: Plate armour      |    18 |    95 |   131 |     3 ||   247
Dodge: Dodged            |    12 |    48 |    58 |       ||   118
Block: Other             |       |       |    10 |       ||    10
       Reflection        |       |       |     1 |       ||     1
